 Dungeon Crawl Stone Soup version 0.31-a0-920-g28cbb04a8c (webtiles) character file.

Game seed: 11223618798115766745

225 Azuregosa the Covert (level 6, -3/42 HPs)
             Began as an Octopode Delver on Oct 17, 2023.
             Slain by a kobold brigand
             ... wielding a +0 club
              (5 damage)
             ... in a sewer.
             The game lasted 00:06:26 (1146 turns).

Azuregosa the Covert (Octopode Delver)              Turns: 1146, Time: 00:06:26

Health: -3/42      AC:  1    Str: 11    XL:     6   Next: 1%
Magic:  6/6        EV: 13    Int: 12    God:
Gold:   158        SH:  0    Dex: 16    Spells: 5/5 levels left

rFire   . . .        a - +0 falchion
rCold   . . .        (no shield)
rNeg    . . .        (helmet restricted)
rPois   .            (no amulet)
rElec   .            (no ring)
rCorr   .            (no ring)
SInv    .            (no ring)
Will    +....        (no ring)
Stlth   ++++++       (no ring)
HPRegen 0.27/turn    (no ring)
MPRegen 0.10/turn    (no ring)
                     (no ring)

%: no passive effects
@: on berserk cooldown, enlightened, flying, slowed, very slow
A: almost no armour, amphibious, 8 rings, camouflage 1, gelatinous body 1,
(nimble swimmer 1), tentacles
a: no special abilities


You were in a sewer.
You visited 2 branches of the dungeon, and saw 5 of its levels.
You also visited: Sewer.

You collected 158 gold pieces.

Inventory:

Hand Weapons
 a - a +0 falchion (weapon)
Missiles
 m - 10 stones
 w - a curare-tipped dart
Wands
 f - a wand of digging (3)
 h - a wand of polymorph (9)
 o - a wand of light (9)
Scrolls
 b - 2 scrolls of fog
 c - a scroll of immolation {unknown}
 g - a scroll of amnesia {unknown}
 l - a scroll of blinking {unknown}
 p - a scroll of identify {unknown}
 q - a scroll of poison {unknown}
 t - a scroll of revelation
 u - a scroll of vulnerability {unknown}
 v - a scroll of butterflies {unknown}
Potions
 e - a potion of haste
 i - a potion of might {unknown}
 j - a potion of enlightenment
 k - a potion of berserk rage
 n - 2 potions of lignification {unknown}
 r - 2 potions of resistance {unknown}
 s - a potion of curing {unknown}


   Skills:
 - Level 3.0 Fighting
 - Level 2.0 Long Blades
 + Level 2.0 Dodging
 - Level 10.5 Stealth


You had 5 spell levels left.
You didn't know any spells.
Your spell library contained the following spells:

 Spells                   Type           Power      Damage    Failure   Level
 Blink                    Tloc           0%         N/A       45%         2
 Manifold Assault         Tloc           0%         N/A       97%         4


Dungeon Overview and Level Annotations

Branches:
Dungeon (6/15)             Temple (1/1) D:5           Sewer (1/1)

Altars:
Ashenzari
Dithmenos
Elyvilon
Gozag
Hepliaklqana
Makhleb
Nemelex Xobeh
Okawaru
Qazlal
Ru
Sif Muna
Trog
Uskayaw
Vehumet
Wu Jian
Yredelemnul
Zin

Annotations:
D:5 1 transporter


Innate Abilities, Weirdness & Mutations

You cannot wear most types of armour.
You are amphibious.
You can wear up to eight rings at the same time.
Your skin changes colour to match your surroundings (Stealth+).
Your rubbery body absorbs attacks. (AC +1, EV +1)
((You are camouflaged when in or above water. (Stealth+)))
You have tentacles for arms and can constrict up to eight enemies at once.


Message History

Things that are here:
a +0 short sword; a curare-tipped dart You barely miss the kobold brigand.
Your grab misses the kobold brigand.
You squeeze the kobold brigand, but do no damage.
You feel sick.
The kobold brigand hits you with a +0 club.
* * * LOW HITPOINT WARNING * * *
As you read the scroll of fear, it crumbles to dust.
You assume a fearsome visage.
The kobold brigand looks frightened!
* * * LOW HITPOINT WARNING * * *
You feel sick.
It was a potion of enlightenment.
You feel very buoyant.
You fly up into the air.
* * * LOW HITPOINT WARNING * * *
You feel sick.
It was a potion of berserk rage.
A red film seems to cover your vision as you go berserk!
You feel yourself moving faster!
You feel mighty!
You feel sick.
You are too berserk!
You feel a strong urge to attack something.
You see here a potion of haste.
You feel sick.
You are no longer poisoned.
The kobold brigand looks petrified.
There is a gate leading back out of this place here.
You feel your anger nearly subside.
Cornered, the kobold brigand turns to fight!
You see here a viscous coppery potion.
You hit the kobold brigand. You grab the kobold brigand.
You squeeze the kobold brigand!
The kobold brigand is severely wounded.
You are no longer berserk.
You are exhausted.
You feel yourself slow down.
You constrict the kobold brigand. You hit the kobold brigand.
The kobold brigand is almost dead.
You constrict the kobold brigand. The kobold brigand closely misses you.
The kobold brigand hits you with a +0 club.
You die...

#~# ##~## ##### ##...## ##.~.#
####.~...####.~..~
≈≈≈≈~~∩..~~~~.~†.)
##~~..~####..... #####.~.##
##..~# ##K####≈## ##~##
≈###.@.###≈# #~# #≈##.?∩!.##≈#
#~# #≈###.!.###≈# #~#
##≈####)####≈## ##~##
##~~.###~###.~.## ##~~.#
.~####..~~.##≈##.....####.....
~.≈≈≈≈.~∩.~≈≈≈≈≈~~..~~~~~...~.
#~∩...#####..~~.####~~~†.
##..~## ##.~.## ##~~~#


You could see a kobold brigand.

Vanquished Creatures
  2 kobold brigands (Sewer)
  5 adders
  3 worms
  4 dart slugs
  An orc (D:3)
  4 ball pythons
  A bat (D:3)
  2 endoplasms
  4 giant cockroaches
  A goblin (D:3)
  A hobgoblin (D:3)
  2 quokkas (D:3)
  3 frilled lizards (D:3)
  3 kobolds
  4 rats
40 creatures vanquished.

Notes
Turn   | Place    | Note
-------+----------+-------------------------------------------
     0 | D:5      | Azuregosa the Octopode Delver began the quest for the Orb.
     0 | D:5      | Reached XP level 1. HP: 16/16 MP: 1/1
    45 | D:5      | Found a transporter.
    59 | D:5      | Found a staircase to the Ecumenical Temple.
    72 | Temple   | Entered the Ecumenical Temple
   114 | D:5      | Reached skill level 7 in Stealth
   114 | D:5      | Reached XP level 2. HP: 21/21 MP: 2/2
   339 | D:4      | Reached XP level 3. HP: 24/26 MP: 3/3
   417 | D:4      | Reached skill level 8 in Stealth
   425 | D:4      | Identified the +0 scale mail "Damnable Contraption" {Str+4}
   489 | D:3      | Found a burning altar of Makhleb.
   489 | D:3      | Found a glowing silver altar of Zin.
   490 | D:3      | Noticed an angel
   490 | D:3      | Noticed a balrug
   820 | D:3      | Reached XP level 4. HP: 31/31 MP: 4/4
   933 | D:3      | Found a glowing drain.
   937 | Sewer    | Entered a sewer
   980 | Sewer    | Reached skill level 9 in Stealth
  1052 | Sewer    | Noticed a kobold brigand
  1069 | Sewer    | Killed a kobold brigand
  1070 | Sewer    | Reached XP level 5. HP: 28/36 MP: 5/5
  1126 | Sewer    | Noticed a kobold brigand
  1127 | Sewer    | Noticed a kobold brigand
  1136 | Sewer    | Killed a kobold brigand
  1137 | Sewer    | Reached skill level 10 in Stealth
  1137 | Sewer    | Reached XP level 6. HP: 21/42 MP: 6/6
  1139 | Sewer    | HP: 2/42 [poisoned by a kobold brigand]
  1146 | Sewer    | Slain by a kobold brigand

Illustrated notes

Levels and vault maps discovered:
D:3:      layout_loops_ring, grunt_temple_overflow_order_and_chaos_2,
          gup_sewer_entry_spiral, dk_noncrumbling_4
D:4:      layout_basic, saegor_snake_ambush, uniq_menkaure, uniq_blork_the_orc
D:5:      gammafunk_cloud_chamber, layout_basic, minmay_temple_entry_slanted
D:6:      layout_basic, uniq_crazy_yiuf_cottage
Temple:   nicolae_temple_no_exploring_needed
Sewer:    sewer_co_15_rooms

Skill      XL: |  1  2  3  4  5 |
---------------+----------------+-----
Stealth        | 7 8 9 10 | 10.5
Fighting       | |  3.0
Long Blades    | |  2.0
Dodging        | |  2.0

Action                     |  1- 3 |  4- 6 || total
---------------------------+-------+-------++-------
  Melee: Falchion          |    41 |    44 ||    85
         Constrict         |    12 |    12 ||    24
         Tentacles         |     6 |    14 ||    20
         Punch             |     2 |       ||     2
    Use: Scroll            |     1 |     1 ||     2
         Potion            |       |     2 ||     2
   Stab: Sleeping          |    11 |    11 ||    22
 Armour: Skin              |     9 |    13 ||    22
  Dodge: Dodged            |    25 |    23 ||    48

Table legend: (Time is in decaauts)
 A = Elapsed time spent in this place.
 B = Non-inter-level travel time spent in this place.
 C = Inter-level travel time spent in this place.
 D = Time resting spent in this place.
 E = Time spent auto-exploring this place.
 F = Levels seen in this place.
 G = Mean time per level.
                   A        B        C        D        E       F      G
               +--------+--------+--------+--------+--------+-----+--------+
         Total |   1161 |   1161 |      0 |    168 |    370 |   6 |  193.5 |
       Dungeon |    947 |    947 |      0 |    100 |    335 |   4 |  236.8 |
        Temple |      1 |      1 |      0 |      0 |      0 |   1 |    1.0 |
         Sewer |    212 |    212 |      0 |     68 |     35 |   1 |  212.0 |
               +--------+--------+--------+--------+--------+-----+--------+

Top non-repeatable levels by time:
     D:3: 495 daAuts
     D:5: 244 daAuts
   Sewer: 212 daAuts
     D:4: 192 daAuts
     D:6: 14 daAuts
  Temple: 1 daAuts
